Map: Dusk Towers

Players

VampyWorm

  • Race: Protoss Protoss
  • League: Master

ShiaLabeouf - Winner!

  • Race: Protoss Protoss
  • League: Master

VOD

Have the link to the VOD?

Description

Time

  • Played on: Jan. 16, 2016, 7:59 p.m.
  • Length: 4:30
Show
View Real Time Build Order
Export as new Build Order

VampyWorm Protoss 

Build Orders: 1 Gate Expand, Dark Templar Rush 

Get SALT Encoding   

  12  0:01  Probe (Chrono Boost)  
  13  0:11  Probe (Chrono Boost)  
  14  0:19  Pylon  
  14  0:22  Probe (Chrono Boost)  
  15  0:37  Probe (Chrono Boost)  
  15  0:38  Gateway  
  16  0:47  Probe (Chrono Boost)  
  17  1:08  Nexus  
  17  1:16  Assimilator  
  17  1:20  Assimilator  
  17  1:22  Probe (Chrono Boost)  
  18  1:33  Cybernetics Core  
  18  1:36  Probe (Chrono Boost)  
  20  1:47  Probe (Chrono Boost)  
  20  1:50  Pylon  
  20  1:57  Probe (Chrono Boost)  
  21  2:12  Mothership Core (Chrono Boost), Warp Gate  
  22  2:17  Adept  
  24  2:27  Probe (Chrono Boost)  
  26  2:30  Probe (Chrono Boost)  
  26  2:37  Probe (Chrono Boost)  
  26  2:40  Probe (Chrono Boost)  
  28  2:48  Probe (Chrono Boost)  
  28  2:51  Probe (Chrono Boost)  
  30  2:52  Twilight Council  
  31  2:58  Probe (Chrono Boost)  
  31  3:01  Probe (Chrono Boost), Pylon  
  32  3:09  Probe (Chrono Boost)  
  32  3:12  Probe (Chrono Boost)  
  34  3:19  Robotics Facility  
  34  3:22  Probe (Chrono Boost)  
  36  3:27  Probe (Chrono Boost)  
  36  3:33  Probe (Chrono Boost)  
  37  3:39  Probe (Chrono Boost)  
  38  3:43  Probe (Chrono Boost), Dark Shrine  
  38  3:46  Gateway  
  39  3:50  Gateway  
  40  3:55  Probe (Chrono Boost)  
  40  3:56  Probe (Chrono Boost)  
  40  4:00  Assimilator  
  41  4:06  Probe x2 (Chrono Boost)  
  41  4:14  Pylon  
  41  4:16  Pylon  
  41  4:17  Probe (Chrono Boost)  
  43  4:27  Pylon  
  43  4:28  Pylon  
Show
View Real Time Build Order
Export as new Build Order

ShiaLabeouf Protoss - Winner!

Build Orders:  

Get SALT Encoding   

  12  0:01  Probe (Chrono Boost)  
  13  0:11  Probe (Chrono Boost)  
  14  0:18  Pylon  
  14  0:22  Probe (Chrono Boost)  
  15  0:36  Probe (Chrono Boost)  
  15  0:40  Gateway  
  16  0:43  Assimilator  
  16  0:47  Probe (Chrono Boost)  
  17  0:57  Probe (Chrono Boost)  
  17  0:58  Pylon  
  18  1:10  Pylon  
  18  1:12  Probe (Chrono Boost)  
  19  1:26  Cybernetics Core  
  19  1:29  Probe (Chrono Boost)  
  20  1:40  Zealot (Chrono Boost)  
  20  1:43  Probe  
  23  1:50  Gateway  
  23  1:57  Gateway  
  23  2:03  Warp Gate (Chrono Boost)  
  23  2:10  Gateway  
  23  2:16  Pylon  
  23  2:23  Stalker  
  25  2:44  Pylon  
  25  2:51  Stalker  
  26  3:02  Stalker  
  28  3:11  Stalker  
  30  3:15  Pylon  
  28  3:31  Probe, Assimilator  
  29  3:43  Probe  
  30  3:51  Stalker x3  
  30  3:54  Zealot  
  30  3:55  Probe  
  39  4:14  Stalker x2  
  39  4:16  Zealot  
  39  4:17  Zealot  
Tags
 
Add a new tag
Caveats
  • Supply blocks, unpowered buildings, or Contaminate may cause inaccurate times.
  • Supply counts are checked every 10 seconds.